 Dungeon Crawl Stone Soup version 0.20-a0-465-g6513c8f (webtiles) character file.

756 JeffiDaFish the Shield-Bearer (level 7, -1/44 HPs)
             Began as a Gargoyle Fighter on Jan 12, 2017.
             Slain by an ogre
             ... wielding a cursed -2 giant club
              (15 damage)
             ... on level 5 of the Dungeon.
             The game lasted 00:07:00 (3064 turns).

JeffiDaFish the Shield-Bearer (Gargoyle Fighter)    Turns: 3064, Time: 00:07:01

Health: -1/44      AC:  6    Str: 24    XL:     7   Next: 79%
Magic:  7/7        EV:  9    Int:  9    God:
Gold:   196        SH: 10    Dex: 11    Spells: 6/6 levels left

rFire  . . .     SeeInvis .     a - +2 flail
rCold  . . .     Gourm    .     b - +0 scale mail
rNeg   + . .     Faith    .     c - +0 shield
rPois  ∞         Spirit   .     (no helmet)
rElec  +         Reflect  .     k - +1 cloak
rCorr  .         Harm     .     (no gloves)
MR     .....                    (no boots)
Stlth  ..........               (no amulet)
                                (no ring)
                                (no ring)

@: mighty, corroded
A: negative energy resistance 1, electricity resistance, unbreathing,
petrification resistance, rot immunity, AC +4
a: no special abilities


You were on level 5 of the Dungeon.
You were hungry.

You visited 1 branch of the dungeon, and saw 5 of its levels.

You collected 196 gold pieces.

Inventory:

Hand Weapons
 a - a +2 flail (weapon)
Armour
 b - a +0 scale mail (worn)
 c - a +0 shield (worn)
 k - a +1 cloak (worn)
Wands
 o - a wand of scattershot (3/9)
Scrolls
 e - 2 scrolls of teleportation
 i - a scroll of remove curse
Potions
 l - a potion of might
 q - 2 potions of brilliance
 s - a potion of flight
Books
 g - a book of Misfortune

   Spells                             Type                      Level
   a - Confusing Touch                Hexes                        1
   b - Confuse                        Hexes                        3
   c - Gell's Gravitas                Hexes/Translocation          3
   d - Petrify                        Transmutation/Earth          4
   e - Metabolic Englaciation         Hexes/Ice                    5
   f - Yara's Violent Unravelling     Hexes/Transmutation          5
 j - a book of Cantrips

   Spells                             Type                      Level
   a - Confusing Touch                Hexes                        1
   b - Animate Skeleton               Necromancy                   1
   c - Summon Small Mammal            Summoning                    1
   d - Apportation                    Translocation                1
Comestibles
 d - 8 chunks of flesh
 f - 3 bread rations
 h - 3 meat rations
 m - a royal jelly
 n - 11 fruits
 p - a beef jerky


   Skills:
 + Level 4.5 Fighting
 + Level 5.4 Maces & Flails
 + Level 4.6 Armour
 + Level 2.3 Dodging
 + Level 0.2 Stealth
 + Level 5.4 Shields


You had 6 spell levels left.
You didn't know any spells.

Dungeon Overview and Level Annotations

Branches:
Dungeon (5/15)
 Temple: D:4-7

Altars:
Ashenzari
Qazlal
Xom


Innate Abilities, Weirdness & Mutations

You are resistant to torment.
Your stone body is resilient. (AC +4)
You are immune to poison.
You resist negative energy. (rN+)
You are resistant to electric shocks. (rElec)
You can survive without breathing.
You are immune to petrification.
You are immune to rotting.


Message History

You feel very mighty all of a sudden.
You hear some strange, mumbled words.
A puff of frost appears from out of thin air!
The puff of frost hits you!
You hit something but do no damage. You block something's attack.
Something hits you but does no damage.
You sock something!
Reactivating autopickup.
You feel a bit more experienced.
You thump the ogre!
The ogre is moderately wounded.
You block the ogre's attack.
You completely miss the ogre.
The ogre is moderately wounded.
The ogre hits you with a giant club!!
Ouch! That really hurt!
You sock the ogre!
The ogre is severely wounded.
The ogre hits you with a giant club!
You die...

#.# #.# ##.## ... .<.
#.#. #l# #.#. #O# ###
##.#. #@# #.. ###....
#.## #.# ..<.#.. #.#.##
#.# #....###.###.####.#
####......# ##...##.#
.........####..../#.#####
#####..#..##............#
#.#.#.#.#.......####.# .!
#.#.##........#


You could see an ogre and a leopard gecko.

Vanquished Creatures
  The ghost of Chodeload the Ruffian, an amateur DrTm (D:4)
  The ghost of Chodeload the Ruffian, an amateur DrTm (D:3)
  A scorpion (D:3)
  A howler monkey (D:5)
  A hound (D:5)
  2 jellies
  5 orc wizards
  Ijyb (D:2)
  2 worker ants
  4 adders
  A worm (D:4)
  A dart slug (D:1)
  4 leopard geckos
  16 orcs
  A ball python (D:3)
  3 giant cockroaches
  A goblin (D:2)
  4 hobgoblins
  2 quokkas
  7 bats
  2 frilled lizards (D:2)
  8 kobolds
  7 rats
76 creatures vanquished.

Notes
Turn   | Place    | Note
-------+----------+-------------------------------------------
     0 | D:1      | JeffiDaFish the Gargoyle Fighter began the quest for the Orb.
     0 | D:1      | Reached XP level 1. HP: 14/14 MP: 1/1
   207 | D:1      | Reached XP level 2. HP: 19/19 MP: 2/2
   588 | D:2      | Noticed Ijyb
   590 | D:2      | Paralysed by Ijyb for 6 turns
   606 | D:2      | Killed Ijyb
   606 | D:2      | Reached XP level 3. HP: 4/23 MP: 3/3
   938 | D:2      | Found a shimmering altar of Xom.
   938 | D:2      | Found a shattered altar of Ashenzari.
   939 | D:2      | Found a stormy altar of Qazlal.
   986 | D:2      | Reached XP level 4. HP: 28/28 MP: 4/4
  1460 | D:3      | Noticed Chodeload's ghost (amateur DrTm)
  1504 | D:3      | Killed Chodeload's ghost
  1504 | D:3      | Reached skill level 1 in Dodging
  1504 | D:3      | Reached XP level 5. HP: 18/33 MP: 5/5
  1588 | D:3      | Reached XP level 6. HP: 32/38 MP: 6/6
  1845 | D:3      | Reached skill level 5 in Shields
  2601 | D:4      | Noticed Chodeload's ghost (amateur DrTm)
  2610 | D:4      | Killed Chodeload's ghost
  2610 | D:4      | Reached XP level 7. HP: 32/43 MP: 7/7
  2842 | D:5      | Entered Level 5 of the Dungeon
  2900 | D:5      | Reached skill level 5 in Maces & Flails
  3064 | D:5      | Slain by an ogre

Vault maps used:
D:1:      minmay_arrival_split_and_join
D:2:      gammafunk_temple_overflow_claw, first_bread,
          hangedman_abyss_or_decor_stabs, uniq_iyjb
D:3:      minivault_23, hex_tiny
D:5:      uniq_crazy_yiuf_cottage

Skill      XL: |  1  2  3  4  5  6  7 |
---------------+----------------------+-----
Shields        | 4 5 |  5.4
Maces & Flails | 3 4 5 |  5.4
Armour         | 4 |  4.6
Dodging        | 1 2 |  2.3
Fighting       | 4 |  4.5
Stealth        | |  0.2

Action                   |  1- 3 |  4- 6 |  7- 9 || total
-------------------------+-------+-------+-------++-------
Melee: Flail             |    79 |   179 |    69 ||   327
Evoke: Wand              |       |     1 |       ||     1
  Use: Potion            |     3 |     4 |     2 ||     9
       Scroll            |     4 |     5 |     1 ||    10
  Eat: Chunk             |       |     6 |     1 ||     7
Armor: Scale mail        |    54 |   117 |    33 ||   204
Dodge: Dodged            |    39 |    68 |    15 ||   122
Block: Shield            |    49 |   128 |    26 ||   203
